 Dungeon Crawl Stone Soup version bcrawl-1.24.1 (webtiles) character file.

Game seed: 15864008795336316435

2705 pasperui the Nimble (level 9, -9/59 HPs)
             Began as a Gnoll Reaver on June 16, 2020.
             Was an Elder of Vehumet.
             Killed by divine providence
             ... invoked by an orc priest
              (11 damage)
             ... on level 7 of the Dungeon on June 17, 2020.
             The game lasted 00:16:24 (5093 turns).

pasperui the Nimble (Gnoll Reaver)                  Turns: 5093, Time: 00:16:24

Health: -9/59      AC:  5    Str: 17    XL:     9   Next: 65%
Magic:  10/19      EV: 16    Int: 16    God:    Vehumet [****..]
Gold:   408        SH: 10    Dex: 14    Spells: 18/21 levels left

rFire    . . .     SeeInvis .   a - +0 long sword
rCold    + . .     Gourm    .   h - +2 buckler
rNeg     . . .     Faith    .   b - +0 steam dragon scales
rPois    .         Spirit   .   K - +0 hat
rElec    .         Reflect  .   (no cloak)
rCorr    .         Harm     .   (no gloves)
MR       .....     Clarity  +   (no boots)
Stlth    +++.......             (no amulet)
HPRegen  0.19/turn              i - ring of protection from cold
MPRegen  0.16/turn              t - ring of wizardry

@: no status effects
A: distributed training, fangs 1, clarity, frail 2, wild magic 1, strong nose
a: Renounce Religion


You were on level 7 of the Dungeon.
You worshipped Vehumet.
Vehumet was greatly pleased with you.
You were not hungry.

You visited 1 branch of the dungeon, and saw 7 of its levels.

You collected 408 gold pieces.

Inventory:

Hand Weapons
 a - a +0 long sword (weapon)
 z - a +1 antimagic quarterstaff
 D - a +0 glaive
 E - a +0 great sword
Missiles
 j - 541 stones (quivered)
 p - 110 sling bullets
 y - 329 tomahawks
 G - 267 arrows
 J - 96 poisoned needles
Armour
 b - +0 steam dragon scales (worn)
 h - a +2 buckler (worn)
 K - a +0 hat (worn)
Jewellery
 i - a ring of protection from cold (left hand)
 t - a ring of wizardry (right hand)
Wands
 B - a wand of disintegration (4)
 F - a wand of acid (3)
Scrolls
 d - 4 scrolls of immolation
 k - 5 scrolls of teleportation {unknown}
 l - 2 scrolls of blinking {unknown}
 r - 3 scrolls of identify {unknown}
 s - a scroll of fear {unknown}
 u - a scroll of remove curse {unknown}
 v - a scroll of magic mapping {unknown}
 x - 2 scrolls of amnesia {unknown}
 A - a scroll of fog {unknown}
 I - a scroll of noise {unknown}
Potions
 c - a potion of flight {unknown}
 f - a potion of curing
 g - 2 potions of ambrosia {unknown}
 m - a potion of magic {unknown}
 n - 2 potions of lignification {unknown}
 o - 2 potions of mutation
 q - 2 potions of heal wounds {unknown}
 w - 3 potions of brilliance {unknown}
 C - a potion of degeneration {unknown}
Comestibles
 e - 15 rations {!d}
 H - 2 chunks of flesh


   Skills:
 + Level 8.0 Fighting
 + Level 4.3 Short Blades
 + Level 8.0 Long Blades
 + Level 4.3 Axes
 + Level 4.3 Maces & Flails
 + Level 4.3 Polearms
 + Level 4.3 Staves
 + Level 4.3 Slings
 + Level 4.3 Bows
 + Level 4.3 Crossbows
 + Level 4.3 Throwing
 + Level 4.3 Armour
 + Level 8.0 Dodging
 + Level 4.3 Stealth
 + Level 4.3 Shields
 + Level 4.3 Unarmed Combat
 + Level 6.7 Spellcasting
 + Level 3.6 Conjurations
 + Level 3.6 Hexes
 + Level 3.6 Charms
 + Level 3.6 Summonings
 + Level 3.6 Necromancy
 + Level 3.6 Translocations
 + Level 3.6 Transmutations
 + Level 3.6 Fire Magic
 + Level 3.6 Ice Magic
 + Level 3.6 Air Magic
 + Level 3.6 Earth Magic
 + Level 3.6 Poison Magic
 + Level 4.8 Invocations
 + Level 4.3 Evocations


You had 18 spell levels left.
You knew the following spells:

 Your Spells              Type           Power        Failure   Level  Hunger
a - Mephitic Cloud        Conj/Pois/Air  ###.....     2%          3    ##.....

Your spell library contained the following spells:

 Spells                   Type           Power        Failure   Level  Hunger
 Inner Flame              Hex/Fire       N/A          2%          3    ##.....
 Iskenderun's Battlesphe  Conj/Chrm      ###.....     19%         5    #####..


Dungeon Overview and Level Annotations

Branches:
Dungeon (7/12)             Temple (0/1) D:6
   Lair: D:7-9

Altars:
Fedhas
Zin
The Shining One


Innate Abilities, Weirdness & Mutations

Your experience applies equally to all skills.
You have very sharp teeth.
Your uncanny sense of smell can sniff out nearby items.
You possess an exceptional clarity of mind.
You are very frail. (-20% HP)
Your spells are a little harder to cast, but a little more powerful.


Message History

The orc warrior barely misses the orc priest.
The orc priest invokes the aid of Beogh against you.
Beogh smites you!
* * * LOW HITPOINT WARNING * * *
Unknown command.
You feel better.
The orc warrior hits the orc priest with a +0 trident!
You hit the orc priest.
The orc priest is heavily wounded.
The orc priest invokes the aid of Beogh against you.
Pain shoots through your body!
* * * LOW HITPOINT WARNING * * *
You barely miss the orc priest.
The orc priest is heavily wounded.
The orc warrior closely misses the orc priest.
The orc priest hits you with a +0 short sword!
* * * LOW HITPOINT WARNING * * *
The orc priest calls down the wrath of Beogh upon you.
Beogh smites you!
You die...

. ... ... ...
.....####### #..
......oo.)?#
#.########
......####.#
#.#......# .....
#o#.#####.#.####.#
.... #o#.........#
#.# ...
#.#######.### #.#
.. #.@.......# #.#
. ########### #.#
#.# #<# ###


You could see an orc warrior (confused) and an orc priest.

Vanquished Creatures
  A deep elf mage (D:6)
  A troll (D:6)
  2 yaks
  2 orc warriors (D:6)
  A black bear (D:6)
  An ice beast (D:5)
  A sky beast (D:5)
  An ogre (D:6)
  A centaur (D:6)
  A big kobold (D:6)
  A bullfrog (D:4)
  A killer bee (D:4)
  The ghost of dscm the Sneak, a weakling DsAc (D:3)
  3 howler monkeys
  3 crimson imps
  A bullfrog zombie (D:6)
  2 orc priests (D:6)
  A centaur skeleton (D:6)
  2 bullfrog skeletons (D:4)
  2 hounds (D:5)
  4 orc wizards
  3 worker ants
  A worker ant zombie (D:5)
  7 gnolls
  5 adders
  A river rat (D:3)
  2 oozes
  3 adder skeletons
  A worm (D:2)
  4 dart slugs (D:2)
  7 leopard geckos
  30 orcs
  3 bats
  3 giant cockroaches
  10 goblins
  7 hobgoblins
  10 jackals
  14 kobolds
  8 quokkas
  3 ball pythons
  4 frilled lizards
  5 rats
164 creatures vanquished.

Notes
Turn   | Place    | Note
-------+----------+-------------------------------------------
     0 | D:1      | pasperui the Gnoll Reaver began the quest for the Orb.
     0 | D:1      | Reached XP level 1. HP: 23/23 MP: 6/6
   115 | D:1      | Reached XP level 2. HP: 29/29 MP: 7/7
   326 | D:1      | Reached XP level 3. HP: 35/35 MP: 9/9
   333 | D:1      | Reached skill level 5 in Spellcasting
   380 | D:1      | Found a glowing golden altar of the Shining One.
   765 | D:2      | Reached * piety under Vehumet
   765 | D:2      | Offered knowledge of Freeze by Vehumet.
   765 | D:2      | Reached skill level 1 in Invocations
  1007 | D:2      | Reached skill level 1 in Short Blades
  1007 | D:2      | Reached skill level 1 in Axes
  1007 | D:2      | Reached skill level 1 in Maces & Flails
  1007 | D:2      | Reached skill level 1 in Polearms
  1007 | D:2      | Reached skill level 1 in Staves
  1007 | D:2      | Reached skill level 1 in Slings
  1007 | D:2      | Reached skill level 1 in Bows
  1007 | D:2      | Reached skill level 1 in Crossbows
  1007 | D:2      | Reached skill level 1 in Throwing
  1007 | D:2      | Reached skill level 1 in Armour
  1007 | D:2      | Reached skill level 1 in Stealth
  1007 | D:2      | Reached skill level 1 in Shields
  1007 | D:2      | Reached skill level 1 in Unarmed Combat
  1007 | D:2      | Reached skill level 1 in Evocations
  1013 | D:2      | Reached XP level 4. HP: 38/41 MP: 11/11
  1440 | D:3      | Reached skill level 1 in Conjurations
  1440 | D:3      | Reached skill level 1 in Hexes
  1440 | D:3      | Reached skill level 1 in Charms
  1440 | D:3      | Reached skill level 1 in Summonings
  1440 | D:3      | Reached skill level 1 in Necromancy
  1440 | D:3      | Reached skill level 1 in Translocations
  1440 | D:3      | Reached skill level 1 in Transmutations
  1440 | D:3      | Reached skill level 1 in Fire Magic
  1440 | D:3      | Reached skill level 1 in Ice Magic
  1440 | D:3      | Reached skill level 1 in Air Magic
  1440 | D:3      | Reached skill level 1 in Earth Magic
  1440 | D:3      | Reached skill level 1 in Poison Magic
  1445 | D:3      | Reached XP level 5. HP: 36/47 MP: 12/12
  1453 | D:3      | Found a blossoming altar of Fedhas.
  1543 | D:3      | Offered knowledge of Magic Dart by Vehumet.
  1645 | D:3      | Reached ** piety under Vehumet
  1750 | D:3      | Found a runed translucent door.
  1751 | D:3      | Noticed dscm's ghost (weakling DsAc)
  1793 | D:3      | Killed dscm's ghost
  1793 | D:3      | Reached XP level 6. HP: 34/53 MP: 13/13
  1814 | D:3      | Found a runed translucent door.
  1835 | D:3      | Found a glowing silver altar of Zin.
  2506 | D:4      | Reached XP level 7. HP: 59/59 MP: 15/15
  2627 | D:4      | Offered knowledge of Mephitic Cloud by Vehumet.
  2632 | D:4      | Learned a level 3 spell: Mephitic Cloud
  3226 | D:5      | Entered Level 5 of the Dungeon
  3305 | D:5      | Reached *** piety under Vehumet
  3392 | D:5      | Reached XP level 8. HP: 61/67 MP: 10/16
  3727 | D:6      | Noticed a deep elf mage
  3746 | D:6      | Killed a deep elf mage
  3819 | D:6      | Offered knowledge of Inner Flame by Vehumet.
  3828 | D:6      | Noticed a troll
  3877 | D:6      | Killed a troll
  3877 | D:6      | Reached XP level 9. HP: 35/72 MP: 15/18
  4092 | D:6      | Found a staircase to the Ecumenical Temple.
  4377 | D:6      | Noticed a purple ugly thing
  4875 | D:6      | Reached **** piety under Vehumet
  5086 | D:7      | Gained mutation: You are frail. (-10% HP) [potion of
                  | mutation]
  5086 | D:7      | Gained mutation: You are very frail. (-20% HP) [potion of
                  | mutation]
  5086 | D:7      | Gained mutation: Your spells are a little harder to cast,
                  | but a little more powerful. [potion of mutation]
  5086 | D:7      | Gained mutation: You possess an exceptional clarity of
                  | mind. [potion of mutation]
  5090 | D:7      | HP: 1/59 [orc priest/+0 short sword (7)]
  5093 | D:7      | Killed from afar by an orc priest

Skill      XL: |  1  2  3  4  5  6  7  8  9 |
---------------+----------------------------+-----
Spellcasting   | 5 6 |  6.7
Invocations    | 1 2 3 4 |  4.8
Short Blades   | 1 2 3 4 |  4.3
Axes           | 1 2 3 4 |  4.3
Maces & Flails | 1 2 3 4 |  4.3
Polearms       | 1 2 3 4 |  4.3
Staves         | 1 2 3 4 |  4.3
Slings         | 1 2 3 4 |  4.3
Bows           | 1 2 3 4 |  4.3
Crossbows      | 1 2 3 4 |  4.3
Throwing       | 1 2 3 4 |  4.3
Armour         | 1 2 3 4 |  4.3
Stealth        | 1 2 3 4 |  4.3
Shields        | 1 2 3 4 |  4.3
Unarmed Combat | 1 2 3 4 |  4.3
Evocations     | 1 2 3 4 |  4.3
Conjurations   | 1 2 3 |  3.6
Hexes          | 1 2 3 |  3.6
Charms         | 1 2 3 |  3.6
Summonings     | 1 2 3 |  3.6
Necromancy     | 1 2 3 |  3.6
Translocations | 1 2 3 |  3.6
Transmutations | 1 2 3 |  3.6
Fire Magic     | 1 2 3 |  3.6
Ice Magic      | 1 2 3 |  3.6
Air Magic      | 1 2 3 |  3.6
Earth Magic    | 1 2 3 |  3.6
Poison Magic   | 1 2 3 |  3.6
Fighting       | 7 8 |  8.0
Long Blades    | 7 8 |  8.0
Dodging        | 7 8 |  8.0

Action                   |  1- 3 |  4- 6 |  7- 9 || total
-------------------------+-------+-------+-------++-------
Melee: Long sword        |    93 |   235 |   437 ||   765
       Bite              |     7 |    24 |    47 ||    78
Throw: Stone             |       |       |     2 ||     2
 Cast: Mephitic Cloud    |       |       |    30 ||    30
  Use: Potion            |       |     1 |     3 ||     4
 Stab: Sleeping          |       |     5 |     1 ||     6
       Confused          |       |       |    10 ||    10
  Eat: Chunk             |       |     6 |    10 ||    16
Armor: Steam dragon scal |    12 |    31 |    40 ||    83
Dodge: Dodged            |    49 |    80 |   175 ||   304
Block: Buckler           |    34 |    85 |   171 ||   290
